 Dungeon Crawl Stone Soup version 0.31-a0-819-gf6de2f5ab6 (webtiles) character file.

Game seed: 7546130028119133720

357 qw the Shooter (level 6, -1/40 HPs)
             Began as a Gargoyle Hunter on Sept 23, 2023.
             Slain by an ogre
             ... wielding a +0 giant club
              (14 damage)
             ... on level 4 of the Dungeon.
             The game lasted 00:01:07 (2562 turns).

qw the Shooter (Gargoyle Hunter)                    Turns: 2562, Time: 00:01:08

Health: -1/40      AC: 11    Str: 14    XL:     6   Next: 64%
Magic:  15/15      EV: 11    Int: 10    God:
Gold:   769        SH:  0    Dex: 17    Spells: 5/5 levels left

rFire   + . .        c - +2 orcbow of the Cursing Scorpion {elec, +Blink MP+9 Dex+2}
rCold   . . .        (shield currently unavailable)
rNeg    + . .        n - +0 ring mail
rPois   inf          (no helmet)
rElec   +            (no cloak)
rCorr   .            f - +1 pair of gloves
SInv    .            (no boots)
Will    .....        (no amulet)
Stlth   +            h - ring of protection from fire
HPRegen 0.26/turn    (no ring)
MPRegen 0.14/turn

%: no passive effects
@: no status effects
A: sickness immunity, AC +4, negative energy resistance 1, electricity
resistance, torment resistance 1, petrification resistance
a: Evoke Blink


You were on level 4 of the Dungeon.
You visited 1 branch of the dungeon, and saw 4 of its levels.

You collected 946 gold pieces.
You spent 177 gold pieces at shops.


Innate Abilities, Weirdness & Mutations

You are immune to sickness and miasma.
Your stone body is resilient. (AC +4)
You are immune to poison.
You resist negative energy. (rN+)
You are resistant to electric shocks. (rElec)
You are resistant to unholy torment.
You are immune to petrification.


   Skills:
 - Level 5.2 Fighting
 + Level 6.2 Ranged Weapons
 - Level 1.0 Armour
 - Level 1.5 Dodging
 - Level 1.1 Stealth


You had 5 spell levels left.
You didn't know any spells.
Your spell library was empty.

Inventory:

Hand Weapons
 c - the +2 orcbow of the Cursing Scorpion (weapon) {elec, +Blink MP+9 Dex+2}
   (You acquired it on level 3 of the Dungeon)

   Dex+2:     It affects your dexterity (+2).
   MP+9:      It affects your magic capacity (+9).
   +Blink:    It lets you blink.
Armour
 f - a +1 pair of gloves (worn)
 n - a +0 ring mail (worn)
Jewellery
 h - a ring of protection from fire (left hand)
Scrolls
 a - a scroll of noise {unknown}
 d - a scroll of poison {unknown}
 e - 2 scrolls of teleportation
 o - 3 scrolls of identify
Potions
 b - a potion of haste
 g - a potion of mutation
 i - a potion of curing {unknown}
 j - a potion of invisibility {unknown}
 k - a potion of might {unknown}
 l - 2 potions of berserk rage {unknown}

Dungeon Overview and Level Annotations

Branches:
Dungeon (4/15)
 Temple: D:4-7

Altars:

Shops:
D:1 !(:*?   D:3 ?=(?[


Message History

Found a robe.
Enter note:
o - 3 scrolls of identify (gained 1)
Found a stone staircase leading down.
A hobgoblin comes into view.
Found a stone staircase leading down.
The hobgoblin shouts!
You shoot an arrow. The arrow hits the hobgoblin.
The hobgoblin is almost dead.
The hobgoblin hits you but does no damage.
You shoot an arrow. The arrow barely misses the hobgoblin.
The hobgoblin hits you but does no damage.
The hobgoblin barely misses you.
You shoot an arrow. The arrow closely misses the hobgoblin.
The hobgoblin closely misses you.
You shoot an arrow. The arrow hits the hobgoblin.
Lightning courses through the hobgoblin!
You kill the hobgoblin!
m - a scroll of acquirement
2540 ||| READING scroll of acquirement.
2540 ||| ACQUIRING 658 gold pieces Something appears at your feet!
You now have enough gold to buy a ring mail on D:3, buy a potion of resistance on D:1, buy a transparent robe on D:1, buy a pitted leather armour on D:1, buy a runed helmet on D:3, buy a ring of protection from cold on D:3, buy 3 scrolls of enchant weapon on D:3, buy a +5 ring of evasion on D:3, buy a +6 ring of dexterity on D:3, buy a +6 ring of strength on D:3, buy the ring of Xomopo {rF- rN++ MP+9 Int+5} on D:3, or buy a scroll of acquirement on D:1.
You can access your shopping list by pressing '$'.
You now have 760 gold pieces (gained 658).
You now have 769 gold pieces (gained 9).
An ogre comes into view. It is wielding a +0 giant club.
You shoot an arrow. The arrow hits the ogre.
The ogre is moderately wounded.
The ogre hits you with a +0 giant club!!
Ouch! That really hurt!
You shoot an arrow. The arrow hits the ogre!
The ogre is heavily wounded.
You shoot an arrow. The arrow hits the ogre.
The ogre is severely wounded.
The ogre barely misses you.
You shoot an arrow. The arrow hits the ogre.
The ogre is almost dead.
The ogre hits you with a +0 giant club!
You die...

### #.#####..
#.
...........
#. ...#####.#
#.### #..#
#.# #...#
####..# #.#
.?..
......### #.#
..####..##
........###.#
......O.##.#
#.........
#@##.#
#..[.....#
#.#.#>#
#.##.#####
#..#
#.##.........
##.##
#.#.##.#####
#.## ##..##>#
##.##
##.####.#
##.###.## #.#
##.#.## #.#
##.#######.#


You could see an ogre.

Vanquished Creatures
  Sigmund (D:4)
  A scorpion (D:3)
  Ijyb (D:4)
  An adder (D:2)
  2 worms
  4 dart slugs
  8 orcs
  10 endoplasms
  5 giant cockroaches
  6 goblins
  5 hobgoblins
  14 jackals
  2 kobolds
  2 ball pythons (D:1)
  5 bats
  6 frilled lizards
  8 rats
81 creatures vanquished.

Notes
Turn   | Place    | Note
-------+----------+-------------------------------------------
     0 | D:1      | qw the Gargoyle Hunter began the quest for the Orb.
     0 | D:1      | Reached XP level 1. HP: 12/12 MP: 1/1
     0 | D:1      | 0 ||| qw: Version: 0.3-a-83-gcd0e7d8
     0 | D:1      | 0 ||| qw: Game counter: 1457
     0 | D:1      | 0 ||| qw: Melee chars always use a shield: true
     0 | D:1      | 0 ||| qw: God list: Okawaru
     0 | D:1      | 0 ||| qw: Allow faded altars: false
     0 | D:1      | 0 ||| qw: Do Orc after clearing Dungeon:15 true
     0 | D:1      | 0 ||| qw: Do second Lair branch before Depths: true
     0 | D:1      | 0 ||| qw: Lair rune preference: random
     0 | D:1      | 0 ||| qw: Goals: Normal
     0 | D:1      | 0 ||| PLANNING D:1-11
    67 | D:1      | Reached XP level 2. HP: 17/17 MP: 2/2
    75 | D:1      | Found Inaner's Book Shop.
    99 | D:1      | Found Buelye's Distillery.
   109 | D:1      | 109 ||| SHOPLISTING potion of curing (39 gold, have 4).
   109 | D:1      | 109 ||| SHOPLISTING potion of resistance (130 gold, have
                  | 4).
   112 | D:1      | Found Hugojistrue's Weapon Shoppe.
   183 | D:1      | Found Ramael's Assorted Antiques.
   189 | D:1      | 189 ||| SHOPLISTING pitted leather armour (189 gold, have
                  | 13).
   189 | D:1      | 189 ||| SHOPLISTING scroll labelled ERAMIULIEDA (27 gold,
                  | have 13).
   189 | D:1      | 189 ||| SHOPLISTING scroll labelled HEYLUIMEDGHE (27 gold,
                  | have 13).
   189 | D:1      | 189 ||| SHOPLISTING scroll labelled JADIST GICUM (27 gold,
                  | have 13).
   189 | D:1      | 189 ||| SHOPLISTING transparent robe (153 gold, have 13).
   365 | D:1      | Found Jiczel Fuwk's Magic Scroll Shop.
   385 | D:1      | 385 ||| SHOPLISTING scroll of acquirement (676 gold, have
                  | 13).
   385 | D:1      | 385 ||| SHOPLISTING scroll of identify (26 gold, have 13).
   385 | D:1      | 385 ||| SHOPLISTING scroll of teleportation (39 gold, have
                  | 13).
   735 | D:1      | 735 ||| UPGRADING to +0 pair of gloves.
   740 | D:1      | 740 ||| READING scroll labelled LAUPLO KOPAOV.
   744 | D:1      | 744 ||| READING scroll labelled ECZIMUEBOI.
   745 | D:1      | 745 ||| DRINKING 2 viscous brown potions.
   746 | D:1      | 746 ||| DROPPING scroll of butterflies.
   747 | D:1      | 747 ||| DROPPING potion of degeneration.
   770 | D:2      | Reached XP level 3. HP: 21/21 MP: 3/3
   813 | D:2      | Reached skill level 5 in Ranged Weapons
   992 | D:2      | Found a faded altar of an unknown god.
  1035 | D:2      | Reached skill level 3 in Fighting
  1181 | D:2      | Reached XP level 4. HP: 28/28 MP: 4/4
  1505 | D:2      | 1505 ||| UPGRADING to ring of protection from fire.
  1506 | D:2      | 1506 ||| READING scroll labelled JUDU AMYS NUNA.
  1530 | D:3      | 1530 ||| STAIRDANCE
  1553 | D:3      | Found Xappyadaa's Magic Scroll Shoppe.
  1576 | D:3      | Found Guontu's Antique Weapon Boutique.
  1580 | D:3      | 1580 ||| SHOPLISTING 3 scrolls of enchant weapon (292 gold,
                  | have 103).
  1580 | D:3      | 1580 ||| BUYING scroll of enchant armour (97 gold).
  1580 | D:3      | Bought a scroll of enchant armour for 97 gold pieces
  1580 | D:3      | 1580 ||| SHOPLISTING scroll of enchant weapon (97 gold,
                  | have 6).
  1580 | D:3      | 1580 ||| SHOPLISTING scroll of teleportation (39 gold, have
                  | 6).
  1580 | D:3      | 1580 ||| READING scroll of enchant armour.
  1580 | D:3      | 1580 ||| ENCHANTING +0 pair of gloves.
  1752 | D:3      | Noticed a scorpion
  1774 | D:3      | Killed a scorpion
  1775 | D:3      | Reached skill level 6 in Ranged Weapons
  1775 | D:3      | Reached XP level 5. HP: 24/32 MP: 5/5
  1856 | D:3      | Found Boanoum's Antique Armour Boutique.
  1871 | D:3      | 1871 ||| SHOPLISTING ring mail (116 gold, have 102).
  1871 | D:3      | 1871 ||| SHOPLISTING runed helmet (217 gold, have 102).
  1977 | D:3      | Reached skill level 1 in Armour
  1978 | D:3      | Found Vime's Jewellery Emporium.
  1991 | D:3      | 1991 ||| SHOPLISTING +5 ring of evasion (360 gold, have
                  | 141).
  1991 | D:3      | 1991 ||| SHOPLISTING +6 ring of dexterity (360 gold, have
                  | 141).
  1991 | D:3      | 1991 ||| SHOPLISTING +6 ring of strength (360 gold, have
                  | 141).
  1991 | D:3      | 1991 ||| SHOPLISTING ring of Xomopo {rF- rN++ MP+9 Int+5}
                  | (410 gold, have 141).
  1991 | D:3      | 1991 ||| SHOPLISTING ring of protection from cold (250
                  | gold, have 141).
  2048 | D:3      | Found Emegyus's Magic Scroll Emporium.
  2051 | D:3      | 2051 ||| BUYING scroll of identify (20 gold).
  2051 | D:3      | Bought a scroll of identify for 20 gold pieces
  2051 | D:3      | 2051 ||| BUYING scroll of identify (20 gold).
  2051 | D:3      | Bought a scroll of identify for 20 gold pieces
  2051 | D:3      | 2051 ||| BUYING scroll of identify (20 gold).
  2051 | D:3      | Bought a scroll of identify for 20 gold pieces
  2051 | D:3      | 2051 ||| BUYING scroll of identify (20 gold).
  2051 | D:3      | Bought a scroll of identify for 20 gold pieces
  2150 | D:3      | 2150 ||| UPGRADING to +0 ring mail.
  2160 | D:3      | 2160 ||| DROPPING +0 leather armour.
  2161 | D:3      | 2161 ||| DROPPING amulet of magic regeneration.
  2162 | D:3      | 2162 ||| READING 5 scrolls labelled NEOMUM QUGUME.
  2163 | D:3      | 2163 ||| READING scroll labelled BOCEKE WEUNK.
  2163 | D:3      | Identified a scroll of acquirement
  2163 | D:3      | 2163 ||| ACQUIRING +2 orcbow of the Cursing Scorpion {elec,
                  | +Blink MP+9 Dex+2}
  2163 | D:3      | Acquired the +2 orcbow of the Cursing Scorpion {elec,
                  | +Blink MP+9 Dex+2}
  2165 | D:3      | 2165 ||| SWAPPING to +2 orcbow of the Cursing Scorpion
                  | {elec, +Blink MP+9 Dex+2}.
  2166 | D:3      | 2166 ||| DROPPING +0 shortbow.
  2230 | D:3      | 2230 ||| READING 4 scrolls of identify.
  2230 | D:3      | 2230 ||| IDENTIFYING murky orange potion
  2231 | D:3      | 2231 ||| READING 3 scrolls of identify.
  2231 | D:3      | 2231 ||| IDENTIFYING inky potion
  2232 | D:3      | 2232 ||| READING 2 scrolls of identify.
  2232 | D:3      | 2232 ||| IDENTIFYING yellow potion
  2233 | D:3      | 2233 ||| DROPPING potion of magic.
  2234 | D:3      | 2234 ||| DROPPING 4 scrolls of fear.
  2307 | D:4      | Noticed Sigmund
  2311 | D:4      | Killed Sigmund
  2312 | D:4      | Reached XP level 6. HP: 33/40 MP: 6/6
  2386 | D:4      | Noticed Ijyb
  2387 | D:4      | Paralysed by Ijyb for 4 turns
  2395 | D:4      | Killed Ijyb
  2540 | D:4      | 2540 ||| READING scroll of acquirement.
  2540 | D:4      | 2540 ||| ACQUIRING 658 gold pieces
  2540 | D:4      | Acquired 658 gold pieces
  2562 | D:4      | Slain by an ogre

Levels and vault maps discovered:
D:1:      minmay_arrival_four_loops, layout_basic, serial_shops, shop_fountains,
          shop, nicolae_shop_rolling_square, shop,
          nicolae_shop_advertising_works [nicolae_subvault_shop_adworks]
D:2:      layout_loops_ring, shapermc_ecumenical_altar_mp_highgroup,
          minmay_worlds_worst_comb
D:3:      layout_loops_cross, serial_shops, shop_coins, shop, shop,
          nicolae_shop_gaudy_bauble, nicolae_shop_tiny_glass,
          minmay_misc_feat_rows
D:4:      layout_loops_ring, kennysheep_potato, uniq_ijyb, uniq_sigmund

Skill      XL: |  1  2  3  4  5 |
---------------+----------------+-----
Ranged Weapons | 5 6 |  6.2
Fighting       | 3 5 |  5.2
Armour         | 1 |  1.0
Dodging        | |  1.5
Stealth        | |  1.1

Action                     |  1- 3 |  4- 6 || total
---------------------------+-------+-------++-------
   Fire: Shortbow          |   124 |    90 ||   214
         Orcbow            |       |    43 ||    43
    Use: Scroll            |     2 |     8 ||    10
         Potion            |     1 |       ||     1
 Armour: Leather armour    |    36 |    35 ||    71
         Ring mail         |       |     7 ||     7
  Dodge: Dodged            |    30 |    33 ||    63

Table legend:
 A = Non-vault XP
 B = Vault XP
 C = Vault XP percentage of total XP
 D = Non-vault monster count
 E = Vault monster count
 F = Vault count percentage of total count
                 A         B        C        D         E       F
            +---------+---------+-------+---------+---------+-------
      Total |     240 |     270 |  52.9 |      75 |       6 |   7.4
            +---------+---------+-------+---------+---------+-------
        D:1 |      33 |       0 |   0.0 |      19 |       0 |   0.0
        D:2 |      58 |       8 |  12.1 |      25 |       4 |  13.8
        D:3 |     119 |       0 |   0.0 |      19 |       0 |   0.0
        D:4 |      30 |     262 |  89.7 |      12 |       2 |  14.3
            +---------+---------+-------+---------+---------+-------
